 Dungeon Crawl Stone Soup version 0.32-a0-814-g0968bab981 (webtiles) character file.

Game seed: 16137126375866380407

20225 AppleFox63 the Scorcher (level 12, -19/59 HPs)
             Began as a Deep Elf Fire Elementalist on Mar 22, 2024.
             Was an Elder of Vehumet.
             Killed from afar by a balrug (26 damage)
             ... with a bolt of fire
             ... in a Gauntlet.
             The game lasted 00:42:17 (17419 turns).

AppleFox63 the Scorcher (DEFE)                     Turns: 17419, Time: 00:42:17

Health: -19/59     AC: 14    Str:  9    XL:     12   Next: 43%
Magic:  29/29      EV: 15    Int: 26    God:    Vehumet [****..]
Gold:   548        SH:  5    Dex: 20    Spells: 2/34 levels left

rFire   . . .        p - +9 rapier of Immorality {spect, rF- Str+4 Dex+5}
rCold   . . .        (no shield)
rNeg    + . .        A - +2 troll leather armour
rPois   .            r - +2 hat
rElec   .            (no cloak)
rCorr   .            i - +1 pair of gloves
SInv    .            S - +0 pair of boots
Will    ++...        F - amulet of the Heron {Reflect rF+ rN+ SH+5 Stlth+}
Stlth   +++          J - +4 ring of protection
HPRegen 1.09/turn    H - ring of willpower
MPRegen 0.21/turn

%: no teleportation, reflection
@: no status effects
A: no striking features
a: Renounce Religion


You were in a Gauntlet.
You worshipped Vehumet.
Vehumet was greatly pleased with you.
You visited 3 branches of the dungeon, and saw 13 of its levels.
You also visited: Ossuary, Bailey and Gauntlet.

You collected 638 gold pieces.
You spent 90 gold pieces at shops.

Inventory:

Hand Weapons
 m - a +5 spear of chaos
 p - the +9 rapier of Immorality (weapon) {spect, rF- Str+4 Dex+5}
   (You found it on level 2 of the Dungeon)

   Str+4:     It affects your strength (+4).
   Dex+5:     It affects your dexterity (+5).
   rF-:       It makes you vulnerable to fire.
 v - a +1 dagger of protection
Armour
 c - a +1 robe of fire resistance
 i - a +1 pair of gloves (worn)
 q - a +0 helmet
 r - a +2 hat (worn)
 s - the +1 pair of gloves of Vexation {Str+4}
   (You found it in a Gauntlet)

   Str+4:     It affects your strength (+4).
 A - a +2 troll leather armour (worn)
 S - a +0 pair of boots (worn)
Jewellery
 a - a ring of positive energy
 u - a +4 ring of slaying
 F - the amulet of the Heron (around neck) {Reflect rF+ rN+ SH+5 Stlth+}
   (You acquired it in a bailey)

   [amulet of reflection]

   Reflect:   It reflects blocked missile attacks.
   rF+:       It protects you from fire.
   rN+:       It protects you from negative energy.
   SH+5:      It affects your SH (+5).
   Stlth+:    It makes you more stealthy.
 G - a ring of resist corrosion
 H - a ring of willpower (right hand)
 J - a +4 ring of protection (left hand)
 N - a ring of willpower
 Q - an amulet of magic regeneration
 R - an amulet of faith
Wands
 f - a wand of light (13)
 l - a wand of roots (13)
 D - a wand of polymorph (13)
Scrolls
 d - 2 scrolls of teleportation
 e - a scroll of amnesia
 g - 2 scrolls of identify
 h - 4 scrolls of enchant weapon
 j - 3 scrolls of poison
 o - a scroll of butterflies
 y - 2 scrolls of fear {unknown}
 I - a scroll of enchant armour
 K - 2 scrolls of vulnerability {unknown}
 L - 4 scrolls of fog
 O - a scroll of torment
 P - a scroll of immolation {unknown}
Potions
 b - 2 potions of magic
 k - 3 potions of might
 n - a potion of invisibility
 t - a potion of heal wounds
 w - 2 potions of haste
 x - 2 potions of lignification
 z - 3 potions of enlightenment
 B - 6 potions of curing
 C - 2 potions of resistance
 E - 2 potions of mutation
 M - a potion of ambrosia {unknown}


   Skills:
 - Level 7.0 Dodging
 - Level 2.4 Stealth
 + Level 11.5 Spellcasting
 + Level 13.1 Conjurations
 + Level 15.2 Fire Magic


You had 2 spell levels left.
You knew the following spells:

 Your Spells              Type           Power      Damage    Failure   Level
a - Foxfire               Conj/Fire      100%       2x1d9     0%          1
b - Scorch                Fire           100%       2d9       0%          2
c - Flame Wave            Conj/Fire      73%        2d16      1%          4
d - Fireball              Conj/Fire      36%        3d15      1%          5
e - Iskenderun's Battles  Conj           70%        2d12      1%          5
f - Ignition              Fire           38%        3d11      17%         8
g - Orb of Destruction    Conj           35%        9d10      6%          7

Your spell library contained the following spells:

 Spells                   Type           Power      Damage    Failure   Level
 Iskenderun's Mystic Bla  Conj/Tloc      49%        2d11      1%          4
 Inner Flame              Hex/Fire       53%        N/A       1%          3
 Volatile Blastmotes      Fire/Tloc      100%       2d18      1%          3
 Brom's Barrelling Bould  Conj/Erth      49%        2d7       1%          4
 Irradiate                Conj/Alch      24%        3d19      3%          5
 Conjure Ball Lightning   Conj/Air       24%        3x3d7     16%         6
 Fugue of the Fallen      Necr           14%        N/A       17%         3
 Ozocubu's Armour         Ice            14%        N/A       17%         3
 Manifold Assault         Tloc           14%        N/A       50%         4
 Passage of Golubria      Tloc           14%        N/A       50%         4
 Silence                  Hex/Air        7%         N/A       83%         5
 Summon Forest            Summ/Tloc      7%         N/A       83%         5
 Eringya's Noxious Bog    Alch           7%         4d6       88%         6
 Lehudib's Crystal Spear  Conj/Erth      24%        10d7      99%         8
 Summon Hydra             Summ           7%         N/A       100%        7


Dungeon Overview and Level Annotations

Branches:
Dungeon (11/15)            Temple (1/1) D:6            Lair (1/5) D:8
Ossuary (visited)          Bailey (visited)         Gauntlet (1/1)
    Orc: D:9-12

Altars:
Ashenzari
Cheibriados
Dithmenos
Elyvilon
Fedhas
Gozag
Hepliaklqana
Kikubaaqudgha
Makhleb
Nemelex Xobeh
Okawaru
Qazlal
Ru
Sif Muna
Trog
Uskayaw
Vehumet
Wu Jian
Xom
Yredelemnul
Zin
The Shining One

Annotations:
Gauntlet 7 transporters, exclusion: oklob plant


Message History

You start waiting.
The hell hound stops to sniff the ground.
The hell hound pauses to sniff the ground.
There is a transporter here.
You enter the transporter and appear at another place.
Press: ? - help, v - describe, . - travel A net trap.
Okay, then.
Press: ? - help, v - describe, . - travel A transporter landing site.
Okay, then.
The hell hound fails to trigger a net trap.
The hell hound misses you. The balrug drops a net on you.
You become entangled in the net!
You see here a throwing net.
Unknown command.
Casting: Scorch (safe; 0% risk of failure)
Confirm with . or Enter, or press ? or * to list all spells.
You can't see any susceptible monsters within range! (Use Z to cast anyway.)
Press: ? - help, v - describe, . - travel, g - get item Item here: a throwing net.
The floor.
You struggle against the net.
The hell hound barely misses you. x2
You tear a large gash into the net.
The hell hound bites you!
The balrug hits you with a +1 vampiric demon whip!!
You are engulfed in flames!!
* * * LOW HITPOINT WARNING * * *
Unknown command.
Blink to where?
Press: ? - help, Dir - move target
As you read the scroll of blinking, it crumbles to dust.
The hell hound fails to trigger a net trap.
The balrug fails to trigger a net trap.
You see here the +1 pair of gloves of Vexation {Str+4}.
s - the +1 pair of gloves of Vexation {Str+4} The hell hound bites you but does no damage.
The balrug gestures at you.
The bolt of fire hits the hell hound.
The hell hound completely resists.
The bolt of fire hits you!!
You die...

#########.#########
#≈...............≈#
#ß.ß.ß..©.©..ß.ß.ß# ###
#≈...............≈# #ß#
##########################
.........≈§§§..........§≈###
..........§§.............#ß#
#########...###########..###
..)©?[..#...#.2h@©!$..#..#
#.#.#.#.#...#^##...##.#..###
.#.#.#..#...#.#.###.#.#..#ß#
#.#.#.#.#...#2^##.##^.#..###
.#.©.#..#...#....©....#..#
#.#.#.#.#...#.^##.##..#..###
.#.#.#..#...#.#.###.#.#..#ß#
#.#.#.#.#...#.##...##.#..###
.....5.5#...#.........#..#


You could see a balrug and a hell hound.

Vanquished Creatures
  3 two-headed ogres (D:9)
  3 death yaks
  An arcanist (Gauntlet)
  The ghost of Nilihum the Magician, a novice DEAl (D:7)
  An oklob plant (D:9)
  An orc sorcerer (Bailey)
  3 komodo dragons (Lair:1)
  A kobold demonologist (Bailey)
  5 trolls
  A queen bee (Gauntlet)
  Prince Ribbit (D:6)
  5 blink frogs (Lair:1)
  A shadow (D:9)
  A wraith (D:10)
  18 yaks
  3 wyverns
  Eustachio (D:6)
  2 basilisks
  A steam dragon (D:8)
  An acid dragon (D:10)
  10 water moccasins
  2 sky beasts (D:7)
  3 ice beasts
  16 orc warriors
  5 black bears
  An ogre (D:6)
  3 wolves (D:8)
  5 centaurs
  2 phantoms
  Blork the orc (D:6)
  A kobold brigand (D:9)
  4 scorpions
  6 bullfrogs
  5 wights (D:5)
  3 killer bees (Gauntlet)
  6 electric eels (Bailey)
  2 bombardier beetles
  6 bullfrog zombies (Ossuary)
  6 orc priests
  A gnoll bouda (D:6)
  2 jellies (D:9)
  6 hounds
  6 mummies (Ossuary)
  Jessica (D:3)
  8 iguanas
  A sleepcap (D:5)
  Natasha (thrice) (D:3)
  5 orc wizards
  Ijyb (D:3)
  A killer bee zombie (Ossuary)
  3 crocodile zombies (Ossuary)
  3 hound zombies (Ossuary)
  5 howler monkey zombies (Ossuary)
  17 gnolls
  11 adders
  A shadow imp (Gauntlet)
  3 white imps
  4 dart slugs
  2 ribbon worms (D:3)
  32 orcs
  8 ball pythons
  2 bats (D:1)
  24 endoplasms
  6 giant cockroaches
  14 goblins
  12 hobgoblins
  6 quokkas
  4 ball python zombies (Ossuary)
  5 frilled lizards
  12 kobolds
  8 rats
358 creatures vanquished.

Vanquished Creatures (others)
  601 foxfires
601 creatures vanquished.

Grand Total: 959 creatures vanquished

Notes
Turn   | Place    | Note
-------+----------+-------------------------------------------
     0 | D:1      | AppleFox63 the Deep Elf Fire Elementalist began the quest
                  | for the Orb.
     0 | D:1      | Reached XP level 1. HP: 10/10 MP: 6/6
   341 | D:1      | Reached XP level 2. HP: 15/15 MP: 5/8
   656 | D:1      | Learned a level 2 spell: Scorch
   762 | D:1      | Reached skill level 4 in Fire Magic
   974 | D:1      | Reached XP level 3. HP: 16/19 MP: 5/9
  1698 | D:2      | Reached XP level 4. HP: 24/24 MP: 3/10
  1900 | D:2      | Learned a level 4 spell: Flame Wave
  2088 | D:2      | Identified the +9 rapier of Immorality {spect, rF- Str+4
                  | Dex+5}
  2680 | D:3      | Noticed Ijyb
  2688 | D:3      | Killed Ijyb
  2689 | D:3      | Reached skill level 5 in Fire Magic
  2717 | D:3      | Reached XP level 5. HP: 28/28 MP: 1/11
  3006 | D:3      | Noticed Jessica
  3011 | D:3      | Killed Jessica
  3620 | D:3      | Noticed Natasha
  3625 | D:3      | Killed Natasha
  3822 | D:3      | Reached skill level 6 in Fire Magic
  3850 | D:3      | Reached XP level 6. HP: 23/32 MP: 4/13
  4010 | D:3      | Noticed Natasha
  4014 | D:3      | Killed Natasha
  4020 | D:3      | Noticed Natasha
  4024 | D:3      | Killed Natasha
  4680 | D:4      | Found Zin's Purification Station.
  4686 | D:4      | Found a glowing silver altar of Zin.
  4696 | D:4      | Bought a potion of curing for 90 gold pieces
  4738 | D:4      | Reached skill level 5 in Spellcasting
  5015 | D:4      | Reached skill level 7 in Fire Magic
  5015 | D:4      | Reached XP level 7. HP: 36/36 MP: 11/16
  5724 | D:4      | Reached skill level 5 in Conjurations
  5724 | D:4      | Reached skill level 8 in Fire Magic
  5794 | D:4      | Reached XP level 8. HP: 41/41 MP: 14/19
  5936 | D:5      | Entered Level 5 of the Dungeon
  5940 | D:5      | Found a sparkling altar of Nemelex Xobeh.
  5944 | D:5      | Found a sand-covered staircase.
  5967 | Ossuary  | Entered an ossuary
  7336 | D:5      | Identified the +0 chain mail "Waebilon" {-Tele rC+ Will+
                  | Regen+}
  7739 | D:5      | Reached XP level 9. HP: 45/45 MP: 17/21
  8283 | D:6      | Reached skill level 9 in Fire Magic
  8283 | D:6      | Noticed Eustachio
  8290 | D:6      | Killed Eustachio
  8491 | D:6      | Noticed Blork the orc
  8492 | D:6      | Reached skill level 10 in Fire Magic
  8498 | D:6      | Killed Blork the orc
  8718 | D:6      | Found an ornate altar of the Wu Jian Council.
  8771 | D:6      | Noticed a troll
  8778 | D:6      | Killed a troll
  9466 | D:6      | Found a staircase to the Ecumenical Temple.
  9473 | Temple   | Entered the Ecumenical Temple
  9506 | Temple   | Became a worshipper of Vehumet
  9538 | D:6      | Noticed Prince Ribbit
  9556 | D:6      | Killed Prince Ribbit
  9557 | D:6      | Reached skill level 11 in Fire Magic
  9924 | D:6      | Noticed a troll
  9932 | D:6      | Killed a troll
 10054 | D:6      | Reached XP level 10. HP: 50/50 MP: 15/24
 10240 | D:7      | Found a flagged portal.
 10252 | Bailey   | Entered a bailey
 10272 | Bailey   | Reached * piety under Vehumet
 10272 | Bailey   | Offered knowledge of Magic Dart by Vehumet.
 10310 | Bailey   | Reached skill level 5 in Dodging
 10583 | Bailey   | Reached skill level 12 in Fire Magic
 10814 | Bailey   | Noticed an orc sorcerer
 10818 | Bailey   | Killed an orc sorcerer
 10955 | Bailey   | Found an iron altar of Okawaru.
 10985 | Bailey   | Acquired a book of the Spheres
 10993 | Bailey   | Learned a level 5 spell: Fireball
 10999 | Bailey   | Learned a level 5 spell: Iskenderun's Battlesphere
 11170 | Bailey   | Offered knowledge of Searing Ray by Vehumet.
 11237 | Bailey   | Reached ** piety under Vehumet
 11314 | Bailey   | Acquired the amulet of the Heron {Reflect rF+ rN+ SH+5
                  | Stlth+}
 11509 | D:7      | Reached skill level 10 in Conjurations
 11784 | D:7      | Found a runed translucent gate.
 11784 | D:7      | Found a runed translucent gate.
 11784 | D:7      | Found a runed translucent gate.
 11786 | D:7      | Noticed Nilihum's ghost (novice DEAl)
 11794 | D:7      | Killed Nilihum's ghost
 12187 | D:7      | Reached skill level 13 in Fire Magic
 12615 | D:7      | Reached XP level 11. HP: 54/54 MP: 21/25
 12885 | D:8      | Found a blossoming altar of Fedhas.
 12899 | D:8      | Found a stormy altar of Qazlal.
 13078 | D:8      | Offered knowledge of Momentum Strike by Vehumet.
 13154 | D:8      | Reached *** piety under Vehumet
 13448 | D:8      | Found a staircase to the Lair.
 13863 | D:9      | Noticed a two-headed ogre
 13868 | D:9      | Killed a two-headed ogre
 13967 | D:9      | Noticed a two-headed ogre
 13977 | D:9      | Killed a two-headed ogre
 13978 | D:9      | Reached skill level 14 in Fire Magic
 14110 | D:9      | Offered knowledge of Airstrike by Vehumet.
 14208 | D:9      | Noticed a two-headed ogre
 14217 | D:9      | Killed a two-headed ogre
 14508 | D:9      | Noticed an oklob plant
 14515 | D:9      | Reached **** piety under Vehumet
 14517 | D:9      | Offered knowledge of Iskenderun's Mystic Blast by Vehumet.
 14518 | D:9      | Killed an oklob plant
 15068 | D:10     | Entered Level 10 of the Dungeon
 15074 | D:10     | Reached skill level 10 in Spellcasting
 15632 | D:10     | Reached XP level 12. HP: 59/59 MP: 18/28
 15647 | D:10     | Learned a level 8 spell: Ignition
 16094 | Lair:1   | Entered Level 1 of the Lair of Beasts
 16094 | Lair:1   | Noticed a death yak
 16094 | Lair:1   | Noticed a death yak
 16095 | Lair:1   | Noticed a death yak
 16102 | D:8      | Killed a death yak
 16110 | D:8      | Killed a death yak
 16420 | Lair:1   | Killed a death yak
 16527 | Lair:1   | Reached skill level 15 in Fire Magic
 16553 | Lair:1   | Found a gate leading to a gauntlet.
 16573 | Gauntlet | Entered a Gauntlet
 16573 | Gauntlet | Found a transporter.
 16573 | Gauntlet | Found a transporter.
 16573 | Gauntlet | Found a transporter.
 16658 | Gauntlet | Found a transporter.
 16670 | Gauntlet | Found a transporter.
 16672 | Gauntlet | Found a transporter.
 16682 | Gauntlet | Found a transporter.
 16685 | Gauntlet | Noticed a balrug
 16703 | Gauntlet | Found a transporter.
 16709 | Gauntlet | Found a transporter.
 16727 | Gauntlet | Found a transporter.
 16727 | Gauntlet | Found a transporter.
 16775 | Gauntlet | Found a transporter.
 17257 | Gauntlet | Learned a level 7 spell: Orb of Destruction
 17418 | Gauntlet | Identified the +1 pair of gloves of Vexation {Str+4}
 17419 | Gauntlet | Killed from afar by a balrug

Illustrated notes

Levels and vault maps discovered:
D:1:      shiori_arrival_elements, layout_basic, minmay_misc_feat_five
D:2:      layout_rooms
D:3:      layout_rooms, st_stairs_3, minmay_door_square, uniq_ijyb,
          uniq_natasha, uniq_jessica
D:4:      minmay_razor_zed, layout_basic, zin_purify, kennysheep_generic_room_9
D:5:      layout_loops_cross, nemelex_xobeh_ov_fountains_minmay, enter_ossuary_1
D:6:      layout_rooms, nzn_wu_jian_council_hall, minmay_temple_entry_mist,
          minmay_puff, uniq_eustachio, uniq_prince_ribbit1, uniq_blork_the_orc
D:7:      layout_loops_ring, enter_bailey_3, serial_glass, glass_columns_c,
          glass_columns_a, ebering_ghost_rock_garden, nicolae_tricolors
D:8:      layout_rooms, grunt_temple_overflow_forces_of_nature,
          minmay_lair_entry_grove
D:9:      lemuel_slime, layout_gridville, minmay_crystal_room, st_stairs_4,
          nicolae_wwwww
D:10:     layout_cave_pods
D:11:     layout_gridville, minmay_orc_entry_guard_dogs,
          hellmonk_ghost_happy_afterlife
Temple:   bh_familiar_temple
Lair:1:   layout_misc_corridors, gauntlet_entry_generic
Gauntlet: gammafunk_gauntlet_hard_choice [gammafunk_gauntlet_arena_teeth,
          gammafunk_gauntlet_arena_crates, gammafunk_gauntlet_arena_chambers,
          nicolae_gauntlet_swirl, gammafunk_gauntlet_arena_grid,
          gammafunk_gauntlet_arena_corners, dreamdust_gauntlet_exit_labyrinth]

Skill      XL: |  1  2  3  4  5  6  7  8  9 10 11 12 |
---------------+-------------------------------------+-----
Conjurations   | 2 3 4 5 8 9 10 12 13 | 13.1
Fire Magic     | 4 5 6 7 8 11 13 14 15 | 15.2
Spellcasting   | 5 6 7 8 10 11 | 11.5
Dodging        | 4 7 |  7.0
Stealth        | |  2.4

Action                     |  1- 3 |  4- 6 |  7- 9 | 10-12 || total
---------------------------+-------+-------+-------+-------++-------
  Melee: Rapier            |       |    11 |    10 |    56 ||    77
   Cast: Foxfire           |    53 |    76 |   144 |    70 ||   343
         Scorch            |     8 |    26 |   110 |   105 ||   249
         Flame Wave        |       |     1 |    11 |    25 ||    37
         Fireball          |       |       |       |    40 ||    40
         Iskenderun's Batt |       |       |       |     6 ||     6
         Ignition          |       |       |       |     1 ||     1
    Use: Scroll            |       |     5 |    15 |     7 ||    27
         Potion            |       |       |       |     1 ||     1
 Armour: Robe              |     4 |    15 |    26 |       ||    45
         Troll leather arm |       |       |     6 |    87 ||    93
  Dodge: Dodged            |     8 |    15 |    28 |    72 ||   123
  Block: Other             |       |       |       |    13 ||    13
         Reflection        |       |       |       |     2 ||     2

Table legend: (Time is in decaauts)
 A = Elapsed time spent in this place.
 B = Non-inter-level travel time spent in this place.
 C = Inter-level travel time spent in this place.
 D = Time resting spent in this place.
 E = Time spent auto-exploring this place.
 F = Levels seen in this place.
 G = Mean time per level.
                   A        B        C        D        E       F      G
               +--------+--------+--------+--------+--------+-----+--------+
         Total |  17481 |  17098 |    383 |   6435 |   8028 |  16 | 1092.6 |
       Dungeon |  13984 |  13654 |    330 |   4907 |   6931 |  11 | 1271.3 |
        Temple |     64 |     11 |     53 |      0 |      0 |   1 |   64.0 |
          Lair |    172 |    172 |      0 |     84 |      0 |   1 |  172.0 |
       Ossuary |   1147 |   1147 |      0 |    397 |    602 |   1 | 1147.0 |
        Bailey |   1266 |   1266 |      0 |    565 |    293 |   1 | 1266.0 |
      Gauntlet |    845 |    845 |      0 |    482 |    202 |   1 |  845.0 |
               +--------+--------+--------+--------+--------+-----+--------+

Top non-repeatable levels by time:
     D:3: 1944 daAuts
     D:6: 1912 daAuts
     D:1: 1655 daAuts
     D:7: 1339 daAuts
     D:4: 1323 daAuts
     D:9: 1322 daAuts
     D:8: 1312 daAuts
  Bailey: 1266 daAuts
     D:5: 1161 daAuts
 Ossuary: 1147 daAuts
     D:2: 1014 daAuts
    D:10: 998 daAuts
Gauntlet: 845 daAuts
  Lair:1: 172 daAuts
  Temple: 64 daAuts
